Map: Jagannatha LE

Players

Massa - Winner!

  • Race: Terran Terran
  • League: Platinum
  • Spawn Location: 7:00

pWaHn

  • Race: Protoss Protoss
  • League: Platinum
  • Spawn Location: 1:00

VOD

Have the link to the VOD?

Description

Time

  • Played on: Jan. 16, 2021, 8:34 a.m.
  • Length: 21:14
Show
View Real Time Build Order
Export as new Build Order

Massa Terran - Winner!

Build Orders:  

Get SALT Encoding   

  12  0:00  SCV  
  13  0:12  SCV  
  14  0:19  Supply Depot  
  14  0:24  SCV  
  15  0:41  SCV, Barracks  
  16  0:46  Refinery  
  16  0:53  SCV  
  17  1:05  SCV  
  18  1:17  SCV  
  19  1:28  Barracks Reactor  
  19  1:30  Orbital Command  
  19  1:46  Command Center  
  19  1:55  SCV  
  20  2:04  Marine  
  20  2:05  Marine  
  20  2:07  Supply Depot  
  22  2:17  Factory  
  22  2:25  SCV  
  22  2:29  Engineering Bay  
  23  2:38  Supply Depot  
  23  2:39  Marine  
  23  2:40  Marine  
  23  2:44  SCV  
  26  2:58  SCV  
  26  3:02  Orbital Command  
  27  3:07  Marine x2  
  27  3:10  SCV  
  27  3:11  Factory Tech Lab  
  29  3:25  Marine x2  
  31  3:29  SCV x2  
  31  3:31  Cyclone  
  36  3:36  Missile Turret  
  36  3:41  SCV x2  
  38  3:45  Marine x2  
  38  3:46  Refinery  
  40  3:51  Starport  
  40  4:03  Marine x2  
  40  4:08  Cyclone  
  40  4:09  SCV x2  
  47  4:20  Marine  
  47  4:21  SCV x2, Marine  
  47  4:23  Barracks  
  51  4:27  Barracks  
  51  4:29  Starport Tech Lab, Supply Depot  
  50  4:53  Supply Depot  
  50  4:58  Missile Turret  
  38  5:21  Marine x2  
  38  5:23  Cyclone  
  36  5:39  Marine  
  37  5:55  Raven  
  39  5:57  Barracks Tech Lab x2  
  39  6:02  Missile Turret  
  38  6:23  Marine x2  
  38  6:25  Siege Tank  
  43  6:29  SCV x2  
  45  6:37  Missile Turret  
  45  6:41  SCV x2, Marine  
  48  6:54  Medivac  
  48  6:56  Marauder x2, Marine  
  48  6:59  Marine  
  56  7:01  Refinery  
  56  7:05  Widow Mine  
  58  7:09  SCV x2  
  58  7:14  Refinery, Marine  
  61  7:16  Marine  
  62  7:25  Supply Depot x2  
  62  7:26  Supply Depot x2  
  62  7:33  Stimpack  
  62  7:34  Combat Shield  
  62  7:39  Supply Depot  
  62  7:46  Marine x4  
  66  7:57  Command Center  
  66  7:59  Missile Turret  
  66  8:01  Terran Infantry Weapons Level 1  
  66  8:02  Medivac  
  66  8:04  Marine x4  
  72  8:17  SCV  
  72  8:18  SCV  
  74  8:22  Marauder, Marine x2  
  78  8:29  Ghost Academy  
  78  8:30  SCV x2  
  80  8:42  SCV  
  53  9:05  Marauder x2, Marine x2  
  53  9:07  Concussive Shells  
  53  9:09  Siege Tank  
  62  9:16  Medivac  
  64  9:18  SCV x2  
  64  9:23  Marine x2  
  68  9:26  Marauder  
  68  9:27  Marauder  
  68  9:28  Planetary Fortress  
  68  9:30  SCV x2  
  74  9:33  Missile Turret  
  74  9:39  Factory  
  74  9:41  Marine x2  
  76  9:46  Medivac  
  76  9:47  Ghost x2  
  76  9:51  Sensor Tower  
  82  9:59  Sensor Tower  
  82  10:02  Refinery, SCV  
  82  10:03  SCV  
  82  10:06  Marine x2  
  86  10:15  SCV x2, Terran Infantry Armor Level 1  
  86  10:16  Marauder  
  86  10:17  Marauder  
  86  10:19  SCV  
  86  10:20  Refinery  
  93  10:24  Marine x2  
  93  10:27  SCV x2  
  97  10:31  SCV  
  97  10:35  Missile Turret  
  98  10:36  Raven  
  98  10:37  Marine, Ghost  
  98  10:39  SCV, Factory Tech Lab  
  98  10:42  Marine  
  105  10:43  Siege Tank  
  105  10:45  Marine  
  109  10:55  Marine, Command Center  
  110  11:00  SCV x3, Marine  
  114  11:06  Marauder  
  116  11:12  SCV  
  117  11:27  Supply Depot  
  117  11:28  Supply Depot  
  117  11:29  Supply Depot x2  
  117  11:31  Supply Depot  
  117  11:32  Sensor Tower  
  117  11:43  SCV  
  117  11:49  Siege Tank x2  
  117  11:52  Supply Depot  
  114  12:10  SCV x2  
  114  12:11  SCV  
  117  12:21  Ghost x2  
  117  12:22  SCV x2, Marine x2  
  122  12:23  SCV  
  122  12:24  Siege Tank x2  
  132  12:30  Missile Turret  
  132  12:32  Enhanced Shockwaves  
  132  12:34  SCV  
  133  12:40  Marine  
  133  12:43  Armory  
  134  12:44  Engineering Bay  
  134  12:46  Medivac  
  134  12:50  Ghost x2  
  140  12:53  Planetary Fortress  
  140  12:56  Siege Tank x2  
  140  12:57  Refinery  
  146  12:59  Refinery  
  146  13:04  Missile Turret  
  146  13:06  Sensor Tower  
  146  13:09  Command Center  
  146  13:10  Marine  
  146  13:11  Marine  
  148  13:16  Medivac  
  148  13:18  Ghost  
  152  13:27  SCV x3  
  152  13:28  Siege Tank  
  158  13:39  SCV x2  
  160  13:46  Medivac  
  162  13:57  SCV  
  162  13:58  SCV x2  
  162  13:59  SCV  
  166  14:07  Terran Infantry Weapons Level 2  
  166  14:08  Terran Infantry Armor Level 2, Terran Vehicle Weapons Level 1  
  167  14:10  SCV x3  
  167  14:11  SCV  
  167  14:13  Command Center, Personal Cloaking  
  170  14:17  Armory  
  170  14:21  Planetary Fortress  
  170  14:24  Missile Turret  
  170  14:40  Command Center  
  170  14:41  Corvid Reactor  
  170  14:42  Raven  
  170  14:45  Thor x2  
  182  15:25  Viking  
  182  15:28  Thor  
  190  15:39  Nuke  
  190  15:50  Planetary Fortress  
  190  15:55  Viking, Missile Turret  
  192  16:02  Refinery  
  192  16:03  Refinery  
  192  16:07  Planetary Fortress  
  192  16:11  Terran Vehicle Weapons Level 2, Terran Vehicle And Ship Armor Level 1, Missile Turret  
  192  16:16  Missile Turret  
  192  16:17  Marauder x2  
  196  16:22  Barracks  
  196  16:25  Barracks  
  196  16:26  Terran Infantry Weapons Level 3, Barracks x2, Terran Infantry Armor Level 3  
  196  16:28  Barracks  
  196  16:29  Viking  
  196  16:31  Missile Turret  
  198  16:34  Sensor Tower  
  198  16:38  Marauder  
  198  16:39  Smart Servos  
  198  16:41  Drilling Claws  
  198  16:49  Missile Turret  
  198  17:09  Missile Turret  
  198  17:21  Sensor Tower  
  131  18:13  Barracks Reactor, Barracks Tech Lab, Marauder x2  
  131  18:14  Barracks Reactor, Barracks Tech Lab  
  131  18:15  Barracks Tech Lab, Marine x2  
  133  18:33  Marine x2  
  125  18:34  Marauder x2  
  124  18:51  Marine  
  117  18:55  Marauder  
  117  18:56  Marauder x2  
  117  18:57  Marauder x2  
  117  18:58  Marine  
  117  18:59  Marine x4  
  117  19:02  Thor x2  
  140  19:05  Medivac  
  140  19:09  Marine  
  143  19:16  Marine  
  148  19:17  Marauder x2, Marine  
  148  19:18  Marauder x3  
  148  19:20  Starport  
  148  19:22  Starport  
  155  19:37  Ghost x2  
  161  19:38  Ghost x2  
  161  19:39  Ghost  
  161  19:40  Marine x6  
  161  19:42  Command Center  
  161  19:45  Thor x2  
  185  19:46  Command Center, Missile Turret  
  185  19:47  Raven, Missile Turret  
  185  19:48  Missile Turret  
  185  19:49  Sensor Tower  
  185  19:58  Marine x6  
  191  20:01  Starport Tech Lab, Starport Reactor  
  191  20:06  Ghost x2  
  195  20:07  Ghost  
  195  20:08  Marauder  
  195  20:13  Hi-Sec Auto Tracking  
  199  20:15  Marine  
  200  20:31  Refinery  
  200  20:32  Refinery  
Show
View Real Time Build Order
Export as new Build Order

pWaHn Protoss 

Build Orders: Zealot Archon, Dark Templar Rush 

Get SALT Encoding   

  12  0:01  Probe  
  13  0:13  Probe  
  14  0:18  Pylon  
  14  0:25  Probe  
  15  0:37  Probe (Chrono Boost)  
  15  0:40  Gateway  
  16  0:49  Probe (Chrono Boost)  
  17  0:54  Probe (Chrono Boost)  
  18  1:00  Assimilator  
  18  1:07  Probe (Chrono Boost)  
  19  1:12  Assimilator  
  20  1:19  Probe (Chrono Boost)  
  20  1:25  Probe (Chrono Boost)  
  20  1:30  Cybernetics Core  
  21  1:34  Probe  
  22  1:42  Pylon  
  22  2:11  Twilight Council  
  22  2:12  Adept (Chrono Boost)  
  24  2:20  Robotics Facility  
  24  2:26  Pylon, Warp Gate  
  24  2:37  Adept (Chrono Boost)  
  26  3:03  Dark Shrine  
  26  3:08  Warp Prism  
  28  3:20  Pylon  
  28  3:22  Gateway  
  28  3:23  Gateway  
  28  3:25  Gateway  
  28  4:12  Nexus  
  28  4:15  Pylon  
  28  4:16  Dark Templar  
  28  4:17  Dark Templar x2  
  30  4:55  Dark Templar x2  
  30  5:19  Dark Templar  
  32  5:40  Nexus  
  32  5:42  Pylon  
  32  6:00  Probe  
  33  6:13  Probe, Stalker x4  
  40  6:23  Archon  
  40  6:25  Probe  
  41  6:34  Forge  
  41  6:37  Probe  
  41  6:38  Zealot x2  
  46  6:43  Charge  
  46  6:49  Probe  
  47  6:56  Zealot x2  
  47  6:58  Protoss Ground Weapons Level 1 (Chrono Boost)  
  53  7:01  Probe (Chrono Boost)  
  53  7:06  Probe (Chrono Boost)  
  53  7:11  Probe (Chrono Boost)  
  53  7:13  Observer  
  56  7:16  Probe x2 (Chrono Boost)  
  57  7:25  Zealot  
  57  7:26  Zealot  
  57  7:27  Probe  
  62  7:33  Assimilator  
  62  7:37  Pylon  
  62  7:40  Zealot x2  
  66  7:53  Sentry x2  
  66  7:57  Probe x2  
  72  8:01  Assimilator  
  72  8:03  Pylon  
  72  8:06  Dark Templar x2  
  72  8:09  Probe  
  72  8:10  Archon  
  77  8:20  Probe  
  77  8:21  Probe  
  79  8:32  Probe  
  80  8:42  Photon Cannon  
  80  8:43  Pylon  
  69  9:08  Dark Templar x2  
  69  9:09  Dark Templar x2  
  77  9:13  Archon x2  
  77  9:21  Protoss Ground Armor Level 1 (Chrono Boost)  
  77  9:22  Observer  
  78  9:43  Immortal  
  82  9:48  Dark Templar  
  84  9:53  Archon  
  84  9:56  Zealot  
  86  10:00  Nexus  
  86  10:03  Pylon  
  86  10:06  Pylon  
  87  10:07  Probe x2  
  87  10:12  Photon Cannon  
  88  10:22  Photon Cannon, Immortal  
  92  10:47  Zealot  
  94  10:54  Robotics Bay  
  94  10:56  Photon Cannon  
  94  10:58  Photon Cannon  
  94  11:00  Photon Cannon  
  94  11:01  Shield Battery  
  94  11:23  Probe x3  
  97  11:29  Pylon  
  97  11:35  Probe x2  
  97  11:36  Protoss Ground Weapons Level 2 (Chrono Boost)  
  99  12:16  Pylon  
  99  12:24  Gateway, Zealot x2  
  99  12:25  Zealot x2  
  99  12:26  Gateway  
  99  12:28  Gateway  
  107  12:40  Extended Thermal Lance (Chrono Boost)  
  107  12:44  Colossus  
  107  12:47  Assimilator  
  107  12:48  Zealot x4  
  121  13:04  Photon Cannon  
  121  13:07  Photon Cannon  
  121  13:08  Shield Battery  
  121  13:11  Templar Archives  
  121  13:25  Robotics Facility  
  121  13:26  Pylon  
  121  13:31  Zealot x5  
  121  13:32  Zealot  
  133  13:35  Observer  
  133  13:50  Observer  
  134  13:59  Protoss Ground Armor Level 2 (Chrono Boost)  
  134  14:01  Probe x3  
  137  14:08  Assimilator  
  137  14:10  Pylon  
  137  14:12  High Templar x2  
  141  14:17  Archon  
  141  14:28  Probe, Colossus  
  148  14:32  Pylon  
  148  14:49  Colossus  
  148  14:52  High Templar  
  156  14:53  Nexus  
  156  14:55  Pylon  
  156  14:57  Pylon  
  155  15:02  Pylon  
  154  15:22  Observer  
  154  15:25  Stalker x3  
  154  15:26  Stalker x4  
  169  15:30  Probe  
  169  15:31  Probe x2  
  172  15:43  Observer  
  173  16:22  Protoss Shields Level 1 (Chrono Boost), High Templar  
  173  16:23  High Templar x5  
  184  16:29  Archon x2  
  184  16:31  Archon  
  184  16:32  Photon Cannon  
  184  16:33  Photon Cannon  
  184  16:35  Photon Cannon  
  184  16:36  Shield Battery  
  184  16:37  Shield Battery  
  184  16:41  Photon Cannon  
  184  16:44  Photon Cannon  
  184  16:51  Probe x3  
  187  17:03  Probe x2  
  189  17:13  Assimilator  
  189  17:16  Pylon  
  189  17:30  Stargate x2  
  189  17:39  Gateway  
  189  17:42  Gateway  
  189  17:45  Gateway  
  189  17:46  Gateway  
  81  18:17  Zealot x5  
  81  18:18  Zealot x2  
  74  18:21  Protoss Ground Weapons Level 3 (Chrono Boost)  
  62  18:38  Zealot x6  
  62  18:39  Zealot x4  
  62  18:40  Zealot  
  70  18:59  High Templar x5  
  70  19:00  High Templar x6  
  92  19:04  Colossus x2  
  92  19:08  Archon x5  
  104  19:15  Assimilator  
  104  19:32  Fleet Beacon  
  104  19:35  Gateway, Zealot x5  
  104  19:36  Gateway, Zealot x6  
  126  19:38  Gateway  
  122  19:57  Colossus  
  124  20:11  Zealot x5  
  124  20:12  Zealot x5  
  124  20:13  Zealot  
  146  20:42  Pylon  
  138  20:44  Pylon  
  138  20:47  Pylon  
  96  20:56  Zealot x2  
  96  20:57  Zealot x7  
  74  20:58  Zealot x2  
Tags
 
Add a new tag
Caveats
  • Supply blocks, unpowered buildings, or Contaminate may cause inaccurate times.
  • Supply counts are checked every 10 seconds.